Map: Королевская бухта РВ

Players

Cham - Winner!

  • Race: Zerg Zerg
  • Spawn Location: 11:00

BuRning

  • Race: Terran Terran
  • Spawn Location: 5:00

Event: 2019 WCS Summer

VOD

Have the link to the VOD?

Description

Time

  • Played on: July 12, 2019, 8:18 a.m.
  • Length: 14:14

All games in this series

Show
View Real Time Build Order
Export as new Build Order

Cham Zerg - Winner!

Build Orders: Hatch First, Swarm Host 

Get SALT Encoding   

  12  0:00  Drone  
  13  0:08  Drone  
  14  0:18  Overlord  
  14  0:37  Drone x2  
  16  0:49  Hatchery  
  15  0:53  Drone  
  16  0:57  Drone  
  16  1:01  Drone  
  18  1:11  Extractor  
  18  1:15  Spawning Pool  
  16  1:20  Drone  
  16  1:22  Drone  
  18  1:31  Drone  
  19  1:46  Drone  
  20  1:59  Overlord  
  20  2:02  Queen x2  
  20  2:03  Zergling x2  
  20  2:04  Zergling x2  
  26  2:12  Metabolic Boost  
  26  2:25  Drone x3  
  26  2:26  Drone  
  32  2:45  Queen  
  32  2:48  Overlord  
  34  2:52  Drone  
  34  2:56  Pneumatized Carapace  
  33  3:00  Drone x2, Overlord  
  33  3:02  Drone  
  36  3:06  Drone  
  37  3:19  Hatchery  
  36  3:23  Drone x2  
  38  3:27  Drone x2  
  38  3:33  Queen  
  42  3:37  Overlord  
  42  3:38  Drone  
  43  3:41  Overlord  
  43  3:45  Drone  
  44  3:51  Drone  
  44  3:55  Drone x2  
  47  4:00  Drone x3  
  47  4:01  Overlord  
  50  4:05  Queen  
  50  4:07  Drone  
  50  4:08  Drone  
  54  4:11  Drone  
  54  4:12  Drone  
  54  4:16  Queen  
  58  4:24  Evolution Chamber  
  58  4:26  Roach Warren  
  58  4:28  Zergling x4  
  58  4:29  Zergling x2  
  59  4:33  Queen  
  59  4:36  Zergling x2, Drone  
  63  4:39  Zergling x2  
  63  4:40  Zergling x2  
  63  4:41  Zergling x2  
  63  4:43  Zergling x2  
  67  4:46  Overlord  
  67  4:50  Overlord  
  67  4:55  Zerg Ground Armor Level 1  
  67  4:57  Overlord  
  67  5:05  Drone  
  67  5:06  Drone x3  
  73  5:07  Drone  
  73  5:09  Drone x2  
  73  5:10  Drone x3  
  73  5:12  Drone  
  78  5:15  Spore Crawler x2  
  78  5:18  Spore Crawler  
  75  5:23  Spore Crawler x2  
  75  5:24  Drone x2  
  75  5:27  Overlord  
  75  5:32  Lair, Extractor  
  75  5:35  Queen  
  74  5:37  Drone  
  74  5:41  Drone  
  78  5:45  Drone x3, Overlord  
  78  5:46  Drone  
  78  5:48  Drone x2  
  84  5:50  Overlord  
  84  5:54  Baneling Nest  
  81  6:00  Drone x3  
  81  6:03  Drone x3  
  85  6:07  Extractor x2  
  85  6:08  Overlord  
  85  6:10  Zergling x4, Drone  
  86  6:24  Drone x2  
  85  6:25  Drone  
  85  6:26  Drone x2  
  85  6:27  Drone x2  
  85  6:31  Drone x2, Extractor  
  85  6:38  Hatchery  
  84  6:41  Overlord  
  84  6:45  Drone  
  84  6:46  Overlord  
  85  6:47  Extractor  
  85  6:48  Overlord  
  85  6:49  Drone x2  
  85  6:50  Drone x2  
  85  6:53  Hydralisk Den  
  87  6:56  Infestation Pit  
  87  6:58  Drone  
  87  7:01  Zerg Missile Weapons Level 1  
  88  7:07  Overlord  
  88  7:09  Centrifical Hooks  
  88  7:12  Baneling x2  
  88  7:13  Baneling x2, Drone  
  88  7:14  Drone x3  
  88  7:15  Overlord  
  92  7:17  Drone x6  
  92  7:18  Drone  
  92  7:21  Overlord  
  92  7:22  Evolution Chamber  
  98  7:23  Drone  
  98  7:29  Overlord  
  99  7:31  Drone  
  100  7:39  Overlord  
  100  7:41  Baneling  
  100  7:42  Baneling  
  100  7:43  Extractor  
  100  7:44  Drone x2  
  101  7:45  Overlord  
  101  7:46  Extractor  
  101  7:47  Roach x4  
  101  7:50  Hatchery  
  107  7:55  Infestor x2  
  107  7:56  Roach x3  
  117  8:02  Zerg Melee Weapons Level 1  
  117  8:04  Drone x4  
  121  8:06  Drone  
  121  8:10  Overlord  
  121  8:11  Drone  
  121  8:12  Drone  
  124  8:13  Swarm Host  
  124  8:14  Swarm Host x2  
  124  8:19  Swarm Host x2  
  133  8:21  Swarm Host  
  133  8:23  Swarm Host  
  133  8:27  Overlord  
  144  8:32  Swarm Host  
  147  8:37  Drone  
  147  8:38  Overlord, Swarm Host x2  
  147  8:41  Nydus Network  
  152  8:44  Drone  
  152  8:45  Overlord  
  152  8:46  Swarm Host x2  
  159  8:48  Overlord  
  159  8:49  Swarm Host  
  159  8:57  Swarm Host x3  
  159  8:58  Swarm Host  
  170  9:03  Glial Reconstitution  
  170  9:05  Roach  
  170  9:06  Roach  
  170  9:08  Ravager  
  170  9:09  Zergling x2, Roach  
  179  9:10  Zergling x4  
  179  9:12  Zergling x4  
  179  9:13  Zergling x2  
  179  9:14  Zergling x2  
  184  9:18  Zergling x2  
  184  9:19  Zergling x10  
  184  9:20  Nydus Canal  
  184  9:23  Zergling x6  
  193  9:30  Overlord  
  193  9:35  Zergling x2, Roach  
  193  9:36  Ravager  
  193  9:37  Ravager x2  
  199  9:43  Nydus Canal  
  199  9:47  Baneling  
  199  9:48  Baneling x10  
  196  10:02  Zergling x6  
  197  10:09  Zergling x2, Roach  
  197  10:11  Overlord  
  200  10:21  Overlord  
  200  10:36  Baneling x5  
  192  10:49  Infestor x2  
  179  10:50  Zergling x26, Roach x2  
  179  10:51  Zergling x2  
  191  10:57  Hive  
  191  10:59  Zerg Ground Armor Level 2, Zerg Missile Weapons Level 2, Spire  
  191  11:02  Drone  
  191  11:03  Zergling x2, Drone, Spore Crawler  
  191  11:04  Zergling x12, Spore Crawler  
  197  11:09  Baneling  
  197  11:10  Baneling x22  
  197  11:11  Baneling x4, Zergling x2  
  196  11:12  Zergling x4  
  199  11:27  Overseer x3  
  197  11:42  Drone x4  
  193  11:59  Extractor  
  193  12:00  Drone x4, Extractor  
  193  12:01  Nydus Canal, Spore Crawler  
  195  12:05  Baneling  
  195  12:06  Baneling x10  
  195  12:07  Drone x2  
  196  12:12  Greater Spire  
  196  12:15  Spire, Nydus Canal  
  191  12:29  Nydus Canal  
  178  12:30  Zergling x2  
  178  12:31  Zergling x48  
  196  12:43  Zergling x22  
  193  12:56  Baneling x9  
  193  12:57  Infestor, Zergling x2, Roach x2  
  200  12:59  Baneling x10  
  200  13:05  Baneling x3  
  200  13:06  Baneling x7  
  200  13:13  Baneling  
  200  13:14  Baneling x6  
  200  13:15  Nydus Canal  
  200  13:19  Baneling x6  
  200  13:23  Baneling x4  
  200  13:26  Nydus Canal  
  191  13:37  Zergling x18  
  191  13:38  Zergling x4  
  198  13:42  Zergling x4  
  195  13:52  Drone x3  
  199  14:10  Spine Crawler  
Show
View Real Time Build Order
Export as new Build Order

BuRning Terran 

Build Orders: Reaper Expand, Mech 

Get SALT Encoding   

  12  0:00  SCV  
  13  0:12  SCV  
  14  0:18  Supply Depot  
  14  0:24  SCV  
  15  0:39  SCV  
  15  0:41  Barracks  
  16  0:46  Refinery  
  16  0:52  SCV  
  17  1:04  SCV  
  18  1:16  SCV  
  19  1:30  Orbital Command, Reaper  
  20  1:42  Command Center  
  20  1:53  Supply Depot  
  20  1:57  SCV  
  21  2:01  Marine  
  21  2:07  Factory  
  22  2:12  SCV  
  23  2:16  Refinery  
  23  2:24  Barracks Reactor, SCV  
  24  2:36  SCV  
  25  2:48  SCV  
  26  2:52  Starport  
  26  2:54  Orbital Command  
  26  3:00  SCV  
  27  3:06  Hellion x2  
  27  3:12  SCV  
  32  3:23  SCV  
  32  3:24  SCV  
  34  3:28  Hellion  
  34  3:29  Viking  
  38  3:36  Fusion Core  
  38  3:37  SCV x2  
  40  3:43  Hellion  
  42  3:48  Supply Depot  
  42  3:50  Refinery  
  42  3:51  Hellion  
  42  3:53  SCV  
  42  3:55  SCV  
  46  4:00  Starport Tech Lab  
  46  4:10  SCV x2  
  46  4:11  Supply Depot  
  46  4:13  Barracks Tech Lab  
  48  4:22  SCV  
  49  4:24  SCV  
  50  4:33  Battlecruiser  
  50  4:36  SCV  
  57  4:39  Marine  
  57  4:40  Marine  
  57  4:43  Supply Depot  
  60  4:45  SCV  
  60  4:53  SCV  
  60  4:55  Supply Depot  
  61  5:00  Marine  
  61  5:04  Command Center  
  61  5:05  Siege Tank, Marine  
  66  5:13  Supply Depot  
  66  5:18  Marine, SCV x2  
  69  5:25  Bunker, Marine  
  70  5:30  SCV x2  
  70  5:32  Refinery  
  72  5:36  Supply Depot  
  72  5:38  Siege Tank  
  72  5:42  SCV  
  76  5:47  SCV  
  77  5:51  Battlecruiser  
  77  5:55  SCV  
  77  5:56  Marine x2  
  84  5:59  SCV  
  85  6:07  SCV  
  85  6:11  SCV  
  88  6:18  Orbital Command  
  88  6:19  Factory  
  88  6:20  Factory  
  80  6:28  SCV  
  80  6:30  SCV  
  74  6:33  Orbital Command, Hellion x2  
  74  6:35  Armory  
  76  6:40  SCV  
  76  6:42  SCV  
  78  6:52  SCV  
  78  6:53  Supply Depot  
  79  6:54  SCV  
  79  6:55  Supply Depot  
  79  6:56  Hellion x2  
  79  7:00  Refinery, Banshee  
  79  7:01  Cloaking Field  
  87  7:02  Refinery, SCV  
  87  7:04  SCV  
  87  7:06  Factory Tech Lab, SCV  
  87  7:07  Cyclone  
  87  7:08  Mag-Field Accelerator  
  93  7:14  SCV  
  94  7:16  SCV, Supply Depot  
  94  7:17  Supply Depot  
  94  7:18  SCV  
  94  7:20  Hellion x2  
  100  7:23  Terran Vehicle And Ship Armor Level 1  
  100  7:26  SCV  
  100  7:27  Cyclone  
  100  7:29  Infernal Pre-Igniter  
  104  7:31  SCV  
  104  7:33  SCV  
  106  7:37  Supply Depot  
  106  7:38  SCV  
  106  7:43  Factory x2  
  107  7:45  SCV  
  107  7:48  SCV  
  107  7:50  SCV  
  110  7:57  SCV  
  111  7:59  Hellion, Cyclone, Supply Depot  
  111  8:00  Cyclone  
  119  8:06  SCV  
  119  8:07  Supply Depot  
  119  8:08  SCV  
  119  8:09  Engineering Bay, SCV  
  122  8:15  Banshee  
  122  8:19  SCV  
  126  8:20  Hyperflight Rotors  
  126  8:24  Hellion  
  126  8:25  Hellion  
  126  8:27  SCV, Supply Depot  
  128  8:35  Factory Tech Lab, Command Center  
  128  8:36  Factory Reactor  
  128  8:39  Armory  
  128  8:40  Supply Depot  
  128  8:42  SCV  
  128  8:47  Hellion x2, Cyclone x2  
  141  8:56  Hellion  
  141  8:57  SCV  
  141  8:58  Supply Depot  
  141  9:01  Banshee  
  145  9:08  Hellion  
  147  9:14  Hellion x2  
  147  9:15  Hellion  
  156  9:17  Cyclone  
  156  9:23  Refinery  
  160  9:24  Supply Depot, Hellion x2  
  160  9:27  Refinery  
  160  9:42  Hellion x2  
  160  9:44  Banshee  
  160  9:45  Cyclone x2  
  173  9:47  Hellion x2  
  167  10:01  SCV, Hellion  
  167  10:03  Hellion  
  163  10:09  SCV  
  163  10:12  Hellion x3  
  163  10:13  Planetary Fortress  
  170  10:17  Cyclone  
  170  10:21  Command Center  
  173  10:22  SCV x2  
  173  10:23  Terran Vehicle And Ship Armor Level 2  
  173  10:24  Terran Vehicle Weapons Level 1  
  175  10:31  Hellion, Cyclone  
  175  10:32  Siege Tank  
  135  10:51  Hellion x2  
  135  10:53  SCV x2  
  136  10:58  Hellion x2, Cyclone  
  136  11:04  Command Center  
  143  11:11  SCV x2  
  143  11:12  Hellion  
  143  11:13  Banshee, Hellion  
  143  11:14  Missile Turret  
  152  11:21  Hellion x2  
  152  11:30  Cyclone  
  151  11:33  SCV x3, Cyclone  
  157  11:42  Hellion x2, Cyclone  
  158  11:56  Hellion x2  
  158  11:57  SCV  
  158  11:58  SCV  
  164  12:03  Hellion  
  166  12:13  Banshee, Hellion x2, Cyclone  
  176  12:17  Command Center  
  95  12:49  Hellion x2, Cyclone x2  
  105  12:54  Refinery  
  105  12:57  Banshee, Hellion, Cyclone  
  113  13:04  Orbital Command x2  
  113  13:05  SCV  
  114  13:07  SCV  
  114  13:11  Hellion x2  
  120  13:19  Hellion x2  
  120  13:21  Cyclone x2  
  120  13:26  SCV x2  
  128  13:29  Cyclone  
  129  13:37  Hellion x2  
  129  13:38  Refinery  
  122  13:41  Orbital Command  
Tags
 
Add a new tag
Caveats
  • Supply blocks, unpowered buildings, or Contaminate may cause inaccurate times.
  • Supply counts are checked every 10 seconds.